 Dungeon Crawl Stone Soup version 0.26-a0-597-gb535b0901c (webtiles) character file.

Game seed: 3729616464024475964

51 Eifo4Ohj9gu9Dob0ohLe the Skirmisher (level 3, -18/49 HPs)
             Began as a Draconian Berserker on Aug 27, 2020.
             Was a Follower of Trog.
             Killed from afar by an orc (25 damage)
             ... with an exploding inner flame
             ... hexed by the player character
             ... on level 3 of the Dungeon.
             The game lasted 00:04:19 (870 turns).

Eifo4Ohj9gu9Dob0ohLe the Skirmisher (DrBe)           Turns: 870, Time: 00:04:19

Health: -18/49     AC: 21    Str: 19    XL:     3   Next: 57%
Magic:  3/3        EV:  2    Int:  7    God:    Trog [*.....]
Gold:   29         SH:  0    Dex: 11    Spells: 2/2 levels left

rFire    . . .     SeeInvis .   a - +0 hand axe
rCold    . . .     Faith    .   (no shield)
rNeg     + + +     Spirit   .   (armour unavailable)
rPois    +         Reflect  .   (helmet currently unavailable)
rElec    .         Harm     .   (cloak currently unavailable)
rCorr    .         NoTele   +   (gloves currently unavailable)
MR       .....                  (boots currently unavailable)
Stlth    +.........             (no amulet)
HPRegen  0.16/turn              (no ring)
MPRegen  0.08/turn              (no ring)

@: tree-form
A: unfitting armour, AC +5
a: Berserk, Renounce Religion


You were on level 3 of the Dungeon.
You worshipped Trog.
Trog was aware of your devotion.
You were a tree.
You visited 1 branch of the dungeon, and saw 3 of its levels.

You collected 29 gold pieces.

Inventory:

Hand Weapons
 a - a +0 hand axe (weapon)
Armour
 e - a +1 pair of gloves (melded)
 h - a +0 cloak (melded)
 j - a scarf of repulsion
Jewellery
 l - an uncursed ring of protection from cold {unknown}
Scrolls
 b - a scroll of enchant armour
 i - a scroll of immolation
Potions
 d - 2 potions of curing


   Skills:
 + Level 4.1 Fighting
 + Level 3.5 Axes
 + Level 3.1 Dodging
 + Level 0.2 Stealth


You had 2 spell levels left.
You didn't know any spells.
Your spell library was empty.

Dungeon Overview and Level Annotations

Branches:
Dungeon (3/15)

Altars:
Fedhas
Wu Jian


Innate Abilities, Weirdness & Mutations

((Your plain brown scales are hard. (AC +5)))
You cannot fit into any form of body armour.
((You are cold-blooded and may be slowed by cold attacks.))


Message History

You feel very sick.
The orc hits you with a +0 hand axe of freezing.
* * * LOW HITPOINT WARNING * * *
The orc freezes you.
* * * LOW HITPOINT WARNING * * *
* * * LOW HITPOINT WARNING * * *
You feel sick. The orc hits you but does no damage.
You closely miss the orc.
* * * LOW HITPOINT WARNING * * *
You feel very sick. The orc hits you but does no damage.
You feel better. The orc hits you but does no damage.
You hit the orc.
Flame seeps out of the orc.
The orc is heavily wounded.
The orc hits you but does no damage.
You slash the orc!
The orc explodes!
The fiery explosion engulfs you!!
Ouch! That really hurt!
You die...

............)..#
#.)...$.....(.#
..?....†)......
#...(....... #.#
##.(........ #.#
##......### #.#
##......## #.#
########..#.####
#.# #.§§♣§§..#..#
#.####.#######..##
#.##...# .##
##.##.### .#...
#.....# #.... .##
##.#### #... ##
#.# ... . #.#
####.... ##.
####.####....
#.### ...


There were no monsters in sight!

Vanquished Creatures
  An orc wizard (D:3)
  A dart slug (D:1)
  An orc (D:3)
  5 bats
  A goblin (D:1)
  3 hobgoblins
  A ball python (D:3)
  5 kobolds (D:1)
  A rat (D:3)
19 creatures vanquished.

Notes
Turn   | Place    | Note
-------+----------+-------------------------------------------
     0 | D:1      | Eifo4Ohj9gu9Dob0ohLe the Draconian Berserker began the
                  | quest for the Orb.
     0 | D:1      | Reached XP level 1. HP: 19/19 MP: 1/1
   238 | D:1      | Reached XP level 2. HP: 27/27 MP: 2/2
   715 | D:2      | Found a blossoming altar of Fedhas.
   715 | D:2      | Found an ornate altar of the Wu Jian Council.
   853 | D:3      | Reached skill level 4 in Fighting
   853 | D:3      | Reached XP level 3. HP: 29/33 MP: 3/3
   867 | D:3      | HP: 1/49 [poisoned by an orc]
   870 | D:3      | Killed from afar by an orc

Illustrated notes

Levels and vault maps discovered:
D:1:      dpeg_arrival_long_road, layout_loops_ring, due_unseen_surprise
D:2:      layout_rooms, nicolae_overflow_hidden_temple, minivault_26
D:3:      layout_rooms, lemuel_doored_altar, grunt_dithmenos_smoke

Skill      XL: |  1  2 |
---------------+-------+-----
Fighting       | 4 |  4.1
Dodging        | 3 |  3.1
Axes           | |  3.5
Stealth        | |  0.2

Action                   || total
-------------------------++-------
Melee: Hand axe          ||    57
       Tailslap          ||     6
  Use: Potion            ||     5
       Scroll            ||     4
 Stab: Sleeping          ||     1
Armor: Skin              ||    33
Dodge: Dodged            ||    33

Table legend: (Time is in decaauts)
 A = Elapsed time spent in this place.
 B = Non-inter-level travel time spent in this place.
 C = Inter-level travel time spent in this place.
 D = Time resting spent in this place.
 E = Time spent auto-exploring this place.
 F = Levels seen in this place.
 G = Mean time per level.
                   A        B        C        D        E       F      G
               +--------+--------+--------+--------+--------+-----+--------+
         Total |    877 |    858 |     19 |      5 |    510 |   3 |  292.3 |
       Dungeon |    877 |    858 |     19 |      5 |    510 |   3 |  292.3 |
               +--------+--------+--------+--------+--------+-----+--------+

Top non-repeatable levels by time:
     D:1: 718 daAuts
     D:3: 149 daAuts
     D:2: 9 daAuts
